 Dungeon Crawl Stone Soup version 0.24-a0-549-g45f0056d81 (webtiles) character file.

Game seed: 1042419394343464573

123 DasRunzen the Skirmisher (level 4, 0/41 HPs)
             Began as a Minotaur Fighter on Aug 19, 2019.
             Slain by a killer bee (4 damage)
             ... on level 3 of the Dungeon.
             The game lasted 00:01:26 (745 turns).

DasRunzen the Skirmisher (Minotaur Fighter)          Turns: 745, Time: 00:01:27

Health: 0/41       AC:  7    Str: 27    XL:     4   Next: 80%
Magic:  3/3        EV:  8    Int:  9    God:
Gold:   98         SH: 11    Dex:  9    Spells: 3/3 levels left

rFire    . . .     SeeInvis .   a - +0 war axe
rCold    . . .     Gourm    .   c - +1 shield
rNeg     . . .     Faith    .   b - +0 scale mail
rPois    .         Spirit   .   (helmet restricted)
rElec    .         Reflect  .   (no cloak)
rCorr    .         Harm     .   (no gloves)
MR       .....                  (no boots)
Stlth    ..........             (no amulet)
HPRegen  0.13/turn              h - +4 ring of intelligence
MPRegen  0.08/turn              (no ring)

@: mighty, lethally poisoned (0 -> -3)
A: retaliatory headbutt, horns 2
a: no special abilities


You were on level 3 of the Dungeon.
You were not hungry.

You visited 1 branch of the dungeon, and saw 3 of its levels.

You collected 98 gold pieces.

Inventory:

Hand Weapons
 a - a +0 war axe (weapon)
Armour
 b - a +0 scale mail (worn)
 c - a +1 shield (worn)
Jewellery
 h - a +4 ring of intelligence (left hand)
Scrolls
 i - a scroll of fear {unknown}
 l - 4 scrolls of enchant armour
Potions
 e - a potion of berserk rage
 g - a potion of curing {unknown}
 j - a potion of heal wounds {unknown}
 k - a potion of agility {unknown}
Comestibles
 f - 2 rations


   Skills:
 + Level 4.6 Fighting
 + Level 3.6 Axes
 + Level 4.5 Armour
 + Level 4.5 Shields


You had 3 spell levels left.
You didn't know any spells.
Your spell library was empty.

Dungeon Overview and Level Annotations

Branches:
Dungeon (2/15)

Altars:
Cheibriados
Gozag


Innate Abilities, Weirdness & Mutations

You reflexively headbutt those who attack you in melee.
You have a pair of horns on your head.


Message History

You closely miss the killer bee. Your headbutt misses the killer bee.
The killer bee is heavily wounded.
You feel sick.
The killer bee stings you but does no damage. x2
The killer bee stings you.
* * * LOW HITPOINT WARNING * * *
You closely miss the killer bee. Your headbutt misses the killer bee.
The killer bee is heavily wounded.
You block the killer bee's attack. x3
Your shield and scale mail prevent you from hitting the killer bee.
Your headbutt misses the killer bee.
The killer bee is heavily wounded.
* * * LOW HITPOINT WARNING * * *
You feel sick. The killer bee barely misses you.
The killer bee stings you but does no damage. x2
You barely miss the killer bee.
The killer bee is heavily wounded.
* * * LOW HITPOINT WARNING * * *
You feel sick. The killer bee stings you.
You die...

##### #...# #...# #
#...# ##.########...#
#>............##########
#............yy@.[......
##.###†####)..##.#######
#.# #...##.# ..?
#.####.# .y(.# #.# #.#
...... #.# #.#
.....#.##.####'#####
..y...#..#.#........#
#...)..##.# #........#


You could see 2 killer bees.

Vanquished Creatures
  2 killer bees (D:3)
  2 dart slugs
  A leopard gecko (D:3)
  3 giant cockroaches
  3 goblins
  2 hobgoblins
  3 jackals (D:1)
  A quokka (D:2)
  7 bats (D:1)
  A frilled lizard (D:1)
  5 kobolds (D:1)
  4 rats
34 creatures vanquished.

Notes
Turn   | Place    | Note
-------+----------+-------------------------------------------
     0 | D:1      | DasRunzen the Minotaur Fighter began the quest for the Orb.
     0 | D:1      | Reached XP level 1. HP: 19/19 MP: 0/0
    85 | D:1      | Found a snail-covered altar of Cheibriados.
   155 | D:1      | Reached XP level 2. HP: 27/27 MP: 1/1
   628 | D:2      | Reached XP level 3. HP: 29/33 MP: 2/2
   678 | D:2      | Found an opulent altar of Gozag.
   678 | D:2      | You fall into a shaft and drop 1 floor!
   714 | D:3      | Noticed a killer bee
   723 | D:3      | Killed a killer bee
   723 | D:3      | Reached XP level 4. HP: 36/41 MP: 3/3
   745 | D:3      | Slain by a killer bee

Levels and vault maps discovered:
D:1:      tarquinn_simple_flora_water_a, layout_loops_ring, st_stairs_12,
          cheibriados_altar_1
D:2:      layout_loops_ring, nicolae_gozag_cash_rules_everything_around_me
D:3:      layout_basic, first_ration, uniq_grinder

Skill      XL: |  1  2 |
---------------+-------+-----
Fighting       | 4 |  4.6
Armour         | 4 |  4.5
Shields        | 4 |  4.5
Axes           | 3 |  3.6

Action                   |  1- 3 |  4- 6 || total
-------------------------+-------+-------++-------
Melee: War axe           |    73 |    11 ||    84
       Headbutt          |     8 |     1 ||     9
  Use: Scroll            |     2 |       ||     2
       Potion            |       |     1 ||     1
Armor: Scale mail        |    42 |    12 ||    54
Dodge: Dodged            |    24 |     3 ||    27
Block: Shield            |    37 |    16 ||    53

Table legend:
 A = Non-vault XP
 B = Vault XP
 C = Vault XP percentage of total XP
 D = Non-vault monster count
 E = Vault monster count
 F = Vault count percentage of total count
                 A         B        C        D         E       F
            +---------+---------+-------+---------+---------+-------
      Total |     175 |       2 |   1.1 |      33 |       1 |   2.9
            +---------+---------+-------+---------+---------+-------
        D:1 |      38 |       2 |   5.0 |      24 |       1 |   4.0
        D:2 |       5 |       0 |   0.0 |       3 |       0 |   0.0
        D:3 |     132 |       0 |   0.0 |       6 |       0 |   0.0
            +---------+---------+-------+---------+---------+-------
